 Dungeon Crawl Stone Soup version 0.27-a0-1137-g3ef0f4ec91 (webtiles) character file.

Game seed: 8961874665873358918

141 DarkShadow the Covered (level 5, -2/47 HPs)
             Began as a Minotaur Fighter on May 6, 2021.
             Slain by Sigmund
             ... wielding a +0 scythe
              (6 damage)
             ... on level 3 of the Dungeon.
             The game lasted 00:03:37 (2900 turns).

DarkShadow the Covered (Minotaur Fighter)           Turns: 2900, Time: 00:03:37

Health: -2/47      AC: 12    Str: 21    XL:     5   Next: 3%
Magic:  4/4        EV:  5    Int:  5    God:
Gold:   88         SH:  0    Dex: 10    Spells: 4/4 levels left

rFire    . . .     SeeInvis .   a - +0 long sword
rCold    . . .     Faith    .   c - +0 kite shield
rNeg     . . .     Spirit   .   h - +0 chain mail
rPois    .         Reflect  .   (helmet restricted)
rElec    .         Harm     .   o - +1 cloak
rCorr    .         Rampage  .   (no gloves)
Will     .....                  (no boots)
Stlth    ..........             (no amulet)
HPRegen  0.15/turn              (no ring)
MPRegen  0.09/turn              (no ring)

@: confused
A: horns 2, retaliatory headbutt
a: no special abilities


You were on level 3 of the Dungeon.
You visited 1 branch of the dungeon, and saw 3 of its levels.

You collected 88 gold pieces.

Inventory:

Hand Weapons
 a - a +0 long sword (weapon)
Armour
 b - a +0 scale mail
 c - a +0 kite shield (worn)
 h - a +0 chain mail (worn)
 o - a +1 cloak (worn)
Wands
 j - a wand of mindburst (8)
Scrolls
 e - a scroll of brand weapon {unknown}
 f - a scroll of enchant armour {unknown}
 l - a scroll of teleportation {unknown}
 m - a scroll of fear {unknown}
 n - 2 scrolls of noise {unknown}
Potions
 d - a potion of might
 g - 2 potions of brilliance {unknown}
 i - 2 potions of lignification {unknown}
 k - a potion of haste {unknown}


   Skills:
 + Level 4.3 Fighting
 + Level 3.6 Long Blades
 + Level 4.9 Armour
 - Level 0.4 Dodging
 + Level 4.7 Shields


You had 4 spell levels left.
You didn't know any spells.
Your spell library was empty.

Dungeon Overview and Level Annotations

Branches:
Dungeon (3/15)

Altars:

Annotations:
D:3 1 runed translucent door, Crazy Yiuf, Sigmund


Innate Abilities, Weirdness & Mutations

You have a pair of horns on your head.
You reflexively headbutt those who attack you in melee.


Message History

You see here a +1 cloak.
o - a +1 cloak You start putting on your armour.
You continue putting on your +1 cloak. x4
You finish putting on your +1 cloak.
Found a war axe.
Sigmund the Dreaded comes into view.
He is wielding a +0 scythe.
Sigmund shouts!
Sigmund breathes a few words.
Sigmund's hands start flickering wildly.
Sigmund points at you and mumbles some strange words.
The puff of flame hits you! Sigmund gestures at you while chanting.
You are confused.
Sigmund hits you from afar with a +0 scythe!
Sigmund casts a spell at you. The puff of flame hits you.
You feel less confused.
Sigmund points at you and mumbles some strange words.
You block the puff of flame.
Sigmund gestures at himself while chanting.
Sigmund flickers and vanishes!
Deactivating autopickup; reactivate with Ctrl-A.
Something hits you!
You closely miss something.
You hear some strange, mumbled words.
You are confused.
You're too confused to move!
Something hits you.
* * * LOW HITPOINT WARNING * * *
You miss something. Something hits you but does no damage. Something hits you.
* * * LOW HITPOINT WARNING * * *
Your chain mail prevents you from hitting something.
Your headbutt misses something. Something hits you.
* * * LOW HITPOINT WARNING * * *
Something hits you but does no damage.
You hear some strange, mumbled words.
A magic dart appears from out of thin air!
The magic dart hits you.
* * * LOW HITPOINT WARNING * * *
Something hits you.
You die...

>(.........[..
................#
..####....####
##..............# ..#
#....# ##...........#####
..# #....#
##.............#### ..#
#....# ##.................#
..#
#....###.................##
..#
#....##....{..............#
..#
########..................#
..#
#######....@<...........###
.##
.......................##
## .#
..........#...........## #.
.# .....)....##.........##
#. .##
######.#####......÷.# ##
..#### #..........#.....#.#
#. .†...#
#..................# #.
.....# #..................#
#. .....#
###................# #.


There were no monsters in sight!

Vanquished Creatures
  Terence (D:2)
  Jessica (D:3)
  3 adders
  A worm (D:3)
  A dart slug (D:1)
  5 endoplasms
  3 giant cockroaches
  3 goblins
  11 hobgoblins
  2 jackals (D:1)
  2 kobolds
  4 quokkas
  5 ball pythons
  2 bats
  4 frilled lizards
  5 rats
53 creatures vanquished.

Notes
Turn   | Place    | Note
-------+----------+-------------------------------------------
     0 | D:1      | DarkShadow the Minotaur Fighter began the quest for the
                  | Orb.
     0 | D:1      | Reached XP level 1. HP: 19/19 MP: 0/0
   246 | D:1      | Found a faded altar of an unknown god.
   265 | D:1      | Reached XP level 2. HP: 27/27 MP: 1/1
   932 | D:1      | Reached XP level 3. HP: 33/33 MP: 2/2
  1003 | D:2      | Noticed Terence
  1009 | D:2      | Killed Terence
  1288 | D:2      | Reached XP level 4. HP: 40/40 MP: 3/3
  2422 | D:3      | Found a runed translucent door.
  2423 | D:3      | Noticed Crazy Yiuf
  2581 | D:3      | Noticed Jessica
  2592 | D:3      | Killed Jessica
  2713 | D:3      | Reached XP level 5. HP: 37/47 MP: 4/4
  2879 | D:3      | Noticed Sigmund
  2900 | D:3      | Slain by Sigmund

Illustrated notes

Levels and vault maps discovered:
D:1:      lightli_arrival_chessboard, layout_basic, basic_ecumenical_altar
D:2:      layout_basic, serial_co_window_serial, co_window_corner_a,
          co_window_of_opportunity_a, co_window_paths_a, co_window_corner_a,
          co_window_of_opportunity_a, co_window_paths_a, co_window_cross_1,
          co_window_2corner, co_window_corner_b, co_window_corner_cb,
          co_window_paths_e, glass_columns_a, glass_columns_b, glass_columns_a,
          uniq_terence
D:3:      layout_basic, minivault_26, corexii_leaking_fountain,
          minmay_misc_feat_x, interstate_on_off, uniq_crazy_yiuf_cottage,
          uniq_jessica, uniq_sigmund

Skill      XL: |  1  2  3 |
---------------+----------+-----
Armour         | 4 |  4.9
Shields        | 4 |  4.7
Fighting       | 4 |  4.3
Long Blades    | 3 |  3.6
Dodging        | |  0.4

Action                   |  1- 3 |  4- 6 || total
-------------------------+-------+-------++-------
Melee: Long sword        |    67 |    59 ||   126
       Headbutt          |    10 |     7 ||    17
Armor: Scale mail        |    31 |       ||    31
       Chain mail        |     1 |    31 ||    32
Dodge: Dodged            |    14 |    13 ||    27
Block: Kite shield       |    37 |    25 ||    62
       Rpst.: Long sword |     4 |     4 ||     8

Table legend: (Time is in decaauts)
 A = Elapsed time spent in this place.
 B = Non-inter-level travel time spent in this place.
 C = Inter-level travel time spent in this place.
 D = Time resting spent in this place.
 E = Time spent auto-exploring this place.
 F = Levels seen in this place.
 G = Mean time per level.
                   A        B        C        D        E       F      G
               +--------+--------+--------+--------+--------+-----+--------+
         Total |   2959 |   2874 |     85 |    447 |   1994 |   3 |  986.3 |
       Dungeon |   2959 |   2874 |     85 |    447 |   1994 |   3 |  986.3 |
               +--------+--------+--------+--------+--------+-----+--------+

Top non-repeatable levels by time:
     D:2: 1348 daAuts
     D:1: 1029 daAuts
     D:3: 581 daAuts
